AoeStats
← 范子豪

Pilgrims

507108923Analyzed
2v2 RM · 16d ago on Sep 16, 2026· 54m 16s· 4 players
Game mode
Random Map
Map size
Medium (4 player)
Population
200
Speed
Normal
Resources
Standard
Victory
Conquest
Starting age
Dark Age
Ending age
Imperial Age
RankedLock teamsTeams togetherTeam positionsShared explorationLock speedFull tech treeHidden civsTurbo modeCheats
Victory
Defeat
🇨🇳 Spanish · China
1015
+16
🇷🇺 Ethiopians · Russia
955
+19
🇩🇪 Ethiopians · Germany
1022
-18
🇩🇪 Vikings · Germany
1017
-17
aleksei.ryabinin
3:49 Loom
11:44 Feudal Age
12:34 Double-Bit Axe
17:47 Castle Age
15:49 Fletching
16:00 Padded Archer Armor
19:06 Bow Saw
23:12 Horse Collar
29:45 Imperial Age
27:57 Forging
27:49 Scale Mail Armor
28:46 Wheelbarrow
29:15 Heavy Plow
30:05 Hand Cart
31:00 Iron Casting
33:14 Royal Heirs
34:52 Chain Mail Armor
38:47 Blast Furnace
38:17 Plate Mail Armor
38:09 Caravan
40:44 Caravan
42:15 Elite Shotel Warrior
53:25 Scale Barding Armor
54:35 Husbandry
53:56 Light Cavalry
54:58 Chain Barding Armor
范子豪
5:23 Loom
15:48 Feudal Age
16:12 Fishing Lines
16:21 Double-Bit Axe
18:03 Wheelbarrow
17:22 Gold Mining
19:42 Horse Collar
22:06 Castle Age
24:06 Hand Cart
24:03 Bow Saw
24:14 Padded Archer Armor
24:18 Heavy Plow
24:50 Gillnets
25:17 Fletching
25:45 Leather Archer Armor
29:58 Bloodlines
29:49 Husbandry
29:45 Town Watch
35:25 Imperial Age
33:39 Scale Barding Armor
33:44 Forging
35:20 Chain Barding Armor
35:35 Town Patrol
35:28 Cavalier
36:30 Conscription
36:54 Plate Barding Armor
36:54 Iron Casting
36:56 Paladin
40:53 Blast Furnace
40:51 Arson
41:06 Squires
40:52 Gambesons
40:27 Man-at-Arms
44:22 Fletching
45:03 Ring Archer Armor
45:45 Long Swordsman
46:31 Scale Mail Armor
48:16 Chain Mail Armor
47:24 Two-Handed Swordsman
48:13 Champion
50:40 Plate Mail Armor
54:53 Guilds
55:13 Coinage
54:44 Caravan
DaSpin789
5:48 Loom
12:42 Feudal Age
16:38 Castle Age
14:33 Fletching
14:57 Gold Mining
15:11 Fishing Lines
15:40 Double-Bit Axe
17:59 Bodkin Arrow
18:02 Gillnets
20:36 Padded Archer Armor
20:46 Forging
22:50 Horse Collar
25:20 Stone Mining
26:06 Gold Shaft Mining
30:21 Imperial Age
28:35 Ballistics
29:03 Leather Archer Armor
28:30 Elite Skirmisher
29:42 Man-at-Arms
30:08 Gambesons
31:21 Bracer
31:52 Ring Archer Armor
32:38 Chemistry
32:28 Heavy Plow
32:41 Bow Saw
32:57 Conscription
32:10 Long Swordsman
32:49 Arson
33:58 Iron Casting
33:24 Scale Mail Armor
33:53 Siege Engineers
33:39 Two-Handed Swordsman
35:42 Champion
37:27 Blast Furnace
36:22 Elite Cannon Galleon
40:09 Pikeman
40:49 Squires
42:54 Chain Mail Armor
42:45 Scale Barding Armor
43:01 Murder Holes
MRKijantscho
3:44 Loom
10:54 Feudal Age
11:42 Double-Bit Axe
13:18 Wheelbarrow
12:56 Horse Collar
13:31 Town Watch
17:55 Castle Age
16:07 Padded Archer Armor
16:01 Gold Mining
16:46 Fletching
18:11 Stone Mining
18:54 Medium Warships
19:01 Bow Saw
18:58 Heavy Plow
18:21 Crossbowman
19:25 Bodkin Arrow
24:24 Hand Cart
28:15 Elite Skirmisher
31:41 Imperial Age
30:45 Ballistics
33:22 Chemistry
33:45 Arbalester
34:33 Thumb Ring
37:16 Bracer
40:50 Scale Mail Armor
40:52 Halberdier
41:33 Squires
41:47 Forging
43:42 Chain Mail Armor
45:24 Iron Casting
45:55 Plate Mail Armor
48:34 Man-at-Arms
50:35 Scale Barding Armor
Connection lost

Rejoining the realm…

Still unreachable

The connection could not be restored.

Session expired

The server has moved on; the page needs a fresh start.